 Dungeon Crawl Stone Soup version 0.26-a0-631-ged93497179 (webtiles) character file.

Game seed: 4044395506135508425

56275 brk the Severer (level 15, -5/119 HPs)
             Began as a Formicid Fighter on Sept 11, 2020.
             Was the Champion of Okawaru.
             Slain by a catoblepas (25 damage)
             ... on level 6 of the Lair of Beasts on Sept 13, 2020.
             The game lasted 00:37:08 (24043 turns).

brk the Severer (Formicid Fighter)                 Turns: 24043, Time: 00:37:09

Health: -5/119     AC: 19    Str: 28    XL:     15   Next: 21%
Magic:  20/20      EV: 23    Int: 13    God:    Okawaru [******]
Gold:   1346       SH: 14    Dex: 19    Spells: 14/14 levels left

rFire    . . .     SeeInvis +   W - +0 battleaxe (flame)
rCold    . . .     Faith    .   c - +1 kite shield
rNeg     . . .     Spirit   .   N - +0 plate armour
rPois    .         Reflect  .   (helmet unavailable)
rElec    .         Harm     .   G - +0 cloak
rCorr    .         Rampage  .   q - +0 pair of gloves {Dex+3}
MR       +....                  A - +0 pair of boots
Stlth    ..........             f - amulet of the acrobat
HPRegen  0.29/turn              F - +6 ring of dexterity
MPRegen  0.17/turn              r - +6 ring of strength

@: acrobat
A: permanent stasis, dig shafts and tunnels, four strong arms, antennae 3
a: Dig, Shaft Self, Heroism, Finesse, Renounce Religion


You were on level 6 of the Lair of Beasts.
You worshipped Okawaru.
Okawaru was exalted by your worship.
You visited 3 branches of the dungeon, and saw 20 of its levels.

You collected 1346 gold pieces.

Inventory:

Hand Weapons
 a - a +0 broad axe of venom
 y - a +2 war axe of flaming
 Q - the +10 morningstar "Eos" {elec, Halo rElec}
   (You took it off a centaur warrior on level 11 of the Dungeon)

   Occasionally, upon striking a foe, it will discharge some electrical energy
   and cause terrible harm.
   It insulates you from electricity.
 W - a +0 battleaxe of flaming (weapon)
Missiles
 E - 59 poisoned darts (quivered)
 P - a throwing net
 V - 11 curare-tipped darts
Armour
 c - a +1 kite shield (worn)
 q - a +0 pair of gloves of dexterity (worn)
 A - a +0 pair of boots (worn)
 G - a +0 cloak (worn)
 N - a +0 plate armour (worn)
Jewellery
 f - an amulet of the acrobat (around neck)
 r - a +6 ring of strength (right hand)
 F - a +6 ring of dexterity (left hand)
 H - an uncursed ring of protection from cold
 J - an uncursed ring of protection from magic
 L - an uncursed ring of protection from cold
 O - an uncursed ring of positive energy
Wands
 m - a wand of digging (4)
 n - a wand of disintegration (37)
 t - a wand of paralysis (9)
 v - a wand of random effects (22)
 z - a wand of polymorph (4)
 K - a wand of enslavement (27)
Scrolls
 g - 9 scrolls of identify
 h - 5 scrolls of fear
 k - 10 scrolls of remove curse
 l - 5 scrolls of fog
 w - 2 scrolls of enchant weapon
 C - 2 scrolls of enchant armour
 D - a scroll of magic mapping
 I - 3 scrolls of amnesia
Potions
 b - 2 potions of degeneration {unknown}
 d - 2 potions of might
 e - a potion of magic {unknown}
 i - 5 potions of curing
 j - 6 potions of flight
 o - 2 potions of stabbing
 p - 2 potions of lignification
 u - 2 potions of resistance
 x - 2 potions of heal wounds
 B - 3 potions of mutation
 M - a potion of ambrosia {unknown}
 X - a potion of invisibility {unknown}
Miscellaneous
 s - a phantom mirror
 S - a phantom mirror


   Skills:
 + Level 11.3 Fighting
 * Level 18.4 Axes
 + Level 10.7 Armour
 + Level 1.1 Stealth
 - Level 9.0 Shields
 * Level 7.8 Invocations
 + Level 0.4 Evocations


You had 14 spell levels left.
You didn't know any spells.
Your spell library contained the following spells:

 Spells                   Type           Power        Failure   Level
 Beastly Appendage        Tmut           #.....       94%         1
 Corona                   Hex            #......      94%         1
 Magic Dart               Conj           #...         94%         1
 Shock                    Conj/Air       #...         94%         1
 Call Imp                 Summ           #.......     98%         2
 Searing Ray              Conj           #.....       98%         2
 Slow                     Hex            #.......     98%         2
 Wereblood                Tmut           #.......     98%         2
 Confusing Touch          Hex            #.......     100%        3
 Conjure Flame            Conj/Fire      #.......     100%        3
 Dazzling Flash           Conj/Hex       #.....       100%        3
 Gell's Gravitas          Tloc           #.........   100%        3
 Ignite Poison            Fire/Tmut/Pois #.......     100%        3
 Inner Flame              Hex/Fire       #.......     100%        3
 Mephitic Cloud           Conj/Pois/Air  #.......     100%        3
 Portal Projectile        Hex/Tloc       #.....       100%        3
 Spider Form              Tmut/Pois      #.........   100%        3
 Static Discharge         Conj/Air       #.......     100%        3
 Airstrike                Air            #.........   100%        4
 Cause Fear               Hex            #.........   100%        4
 Fulminant Prism          Conj/Hex       #.........   100%        4
 Ice Form                 Ice/Tmut       #.......     100%        4
 Iskenderun's Mystic Bla  Conj/Tloc      #.......     100%        4
 Leda's Liquefaction      Hex/Erth       #.........   100%        4
 Petrify                  Tmut/Erth      #.......     100%        4
 Blade Hands              Tmut           #.........   100%        5
 Fireball                 Conj/Fire      #.........   100%        5
 Lightning Bolt           Conj/Air       #.........   100%        5
 Metabolic Englaciation   Hex/Ice        #.........   100%        5
 Yara's Violent Unravell  Hex/Tmut       #.........   100%        5
 Starburst                Conj/Fire      #.........   100%        6
 Ignition                 Fire           #.........   100%        8
 Blink                    Tloc           Unusable     N/A         2
 Swiftness                Air            Unusable     N/A         2

Dungeon Overview and Level Annotations

Branches:
Dungeon (13/15)            Temple (1/1) D:5            Lair (6/6) D:8
  Swamp (0/4) Lair:3        Snake (0/4) Lair:2        Slime (0/5) Lair:5
    Orc (0/2) D:12         Vaults (0/5) D:13

Altars:
Cheibriados
Dithmenos
Fedhas
Okawaru
Qazlal
Ru
Uskayaw
Yredelemnul
Jiyva

Shops:
D:8 [   D:10 }   D:13 (

Portals:
Abyss: D:12

Annotations:
D:10 1 runed translucent door, Otimerch's ghost, novice DEEE
D:12 2 transporters, Gargoyl's ghost, journeyman GnAK
Lair:1 exclusion: 2 oklob plants
Lair:5 exclusion: oklob plant


Innate Abilities, Weirdness & Mutations

You cannot be hasted, slowed, berserked, paralysed or teleported.
You can dig through walls and to a lower floor.
Your four strong arms can wield two-handed weapons with a shield.
You have a pair of large antennae on your head. (SInv)


Message History

The catoblepas breathes a plume of calcifying dust at you.
The blast of calcifying dust hits you but does no damage.
The plant is engulfed in calcifying dust.
The plant turns to stone!
You block the catoblepas's attack.
You slash the catoblepas! You burn the catoblepas.
The catoblepas is severely wounded.
The plant is engulfed in calcifying dust.
You slash the catoblepas! You burn the catoblepas.
The catoblepas is almost dead.
The plant is engulfed in calcifying dust.
The catoblepas breathes a plume of calcifying dust at you.
The blast of calcifying dust hits you but does no damage.
The plant is engulfed in calcifying dust.
A nearby plant withers and dies.
The catoblepas breathes a plume of calcifying dust at you.
The blast of calcifying dust hits you. The catoblepas gores you!!
* * * LOW HITPOINT WARNING * * *
The catoblepas gores you!!
You die...

.......#######
############# ####
.....### ####.P.####
### { ###.P.....P.#
##P. {
##...........####...
#.....#####.....##..
#.....#.........##..
#...#.#...#....P##.. ##
###...#.......######
#.. #.@.###.###.......#
#...#.Y§§§###P....#÷÷.#
#...†.§§..##......#...#
#.###.§.§.####....###.#
....§..## #........÷
.....P#.## ##..P....÷
#...##### #####.P.#
#### #####


You could see a catoblepas.

Vanquished Creatures
  Gastronok (Lair:3)
  An ironheart preserver (D:13)
  An ice dragon (D:10)
  5 hydras
  A tengu warrior (D:10)
  3 centaur warriors
  2 death yaks (Lair:6)
  A two-headed ogre (D:11)
  Urug (Lair:1)
  A deep elf knight (D:10)
  A glowing orange brain (D:10)
  An unseen horror (D:12)
  3 lindwurms
  Pikel (D:7)
  An orc sorcerer (D:11)
  A wolf spider (D:10)
  4 deep elf magi
  2 manticores
  3 cyclopes
  2 elephants (Lair:6)
  A black mamba (Lair:4)
  2 centaur zombies (D:13)
  An eye of devastation (shapeshifter) (D:11)
  A gargoyle (D:11)
  7 cane toads
  3 kobold demonologists
  A rime drake (Lair:6)
  2 torpor snails
  5 komodo dragons
  4 polar bears (Lair:6)
  4 trolls
  A polar bear (shapeshifter) (D:10)
  3 bog bodies (Lair:3)
  9 dream sheep
  10 hippogriffs
  20 blink frogs
  A dream sheep (shapeshifter) (D:13)
  2 vampires
  2 shadows
  6 wyverns
  Grum (D:11)
  5 wraiths
  Eustachio (D:5)
  31 yaks
  3 basilisks
  A steam dragon (Lair:4)
  2 vampire mosquitoes (D:12)
  3 nagas (Lair:2)
  3 acid dragons
  2 swamp worms (Lair:3)
  A soldier ant (D:11)
  5 porcupines
  10 water moccasins
  3 sky beasts
  2 black bears (D:11)
  7 orc warriors
  9 ice beasts
  An eye of draining (shapeshifter) (D:11)
  4 phantoms
  An eye of draining (D:12)
  9 ogres
  9 wolves
  4 centaurs
  10 crocodiles
  A lemure (D:7)
  3 big kobolds
  A gnoll sergeant (D:11)
  14 bullfrogs
  3 wyvern zombies
  3 scorpions
  12 killer bees
  An electric eel (Lair:3)
  10 wights
  A quasit (D:13)
  A bullfrog zombie (D:5)
  7 jellies
  An orc priest (D:8)
  3 centaur skeletons
  10 hounds
  12 orc wizards
  A bullfrog skeleton (D:4)
  3 iguanas
  14 worker ants
  2 hound zombies (D:11)
  A hound skeleton (D:8)
  4 gnolls (D:11)
  14 adders
  A shadow imp (D:8)
  An ooze (D:1)
  An adder zombie (D:5)
  3 adder skeletons
  3 worms
  3 dart slugs
  2 leopard geckos (D:1)
  43 orcs
  6 bats
  6 giant cockroaches
  5 hobgoblins
  2 jackals (D:4)
  14 kobolds
  A quokka (D:11)
  3 ball pythons
  7 frilled lizards
  4 goblins
  A jackal zombie (D:8)
  8 rats (D:1)
484 creatures vanquished.

Vanquished Creatures (others)
  9 fungi
  14 plants
23 creatures vanquished.

Grand Total: 507 creatures vanquished

Notes
Turn   | Place    | Note
-------+----------+-------------------------------------------
     0 | D:1      | brk the Formicid Fighter began the quest for the Orb.
     0 | D:1      | Reached XP level 1. HP: 18/18 MP: 1/1
   109 | D:1      | Reached XP level 2. HP: 24/24 MP: 2/2
   394 | D:1      | You fall into a shaft and drop 1 floor!
   474 | D:1      | Reached XP level 3. HP: 20/30 MP: 3/3
  1384 | D:2      | Reached XP level 4. HP: 27/37 MP: 4/4
  1506 | D:2      | Found a faded altar of an unknown god.
  2249 | D:3      | Reached skill level 3 in Axes
  2249 | D:3      | Reached XP level 5. HP: 42/42 MP: 5/5
  2952 | D:4      | Noticed a phantom
  2976 | D:4      | Killed a phantom
  2976 | D:4      | Reached XP level 6. HP: 36/49 MP: 6/6
  3262 | D:4      | Reached skill level 4 in Axes
  3643 | D:5      | Entered Level 5 of the Dungeon
  3663 | D:5      | Noticed Eustachio
  3698 | D:5      | Killed Eustachio
  3698 | D:5      | Reached skill level 5 in Fighting
  3698 | D:5      | Reached skill level 5 in Shields
  3698 | D:5      | Reached XP level 7. HP: 20/56 MP: 7/7
  3915 | D:5      | Reached skill level 5 in Axes
  4147 | D:5      | Found a staircase to the Ecumenical Temple.
  4156 | Temple   | Entered the Ecumenical Temple
  4164 | Temple   | Became a worshipper of Warmaster Okawaru
  4695 | D:5      | Found a basalt altar of Yredelemnul.
  4703 | D:5      | Reached XP level 8. HP: 58/62 MP: 8/8
  4773 | D:5      | Reached skill level 6 in Axes
  4773 | D:5      | Reached skill level 5 in Armour
  6063 | D:6      | Reached * piety under Okawaru
  6239 | D:6      | Reached skill level 7 in Axes
  6297 | D:6      | Noticed a hippogriff
  6321 | D:6      | Killed a hippogriff
  6321 | D:6      | Reached XP level 9. HP: 37/69 MP: 9/9
  6917 | D:5      | Reached skill level 8 in Axes
  7158 | D:7      | Noticed Pikel
  7176 | D:7      | Killed Pikel
  7176 | D:7      | Reached ** piety under Okawaru
  7187 | D:7      | Reached skill level 9 in Axes
  8179 | D:8      | Found Aproeham's Armour Shoppe.
  8193 | D:7      | Reached *** piety under Okawaru
  8212 | D:8      | Reached XP level 10. HP: 49/77 MP: 10/10
  8716 | D:8      | Found a staircase to the Lair.
  8907 | D:9      | Reached skill level 10 in Axes
  9076 | D:9      | Reached **** piety under Okawaru
  9522 | D:10     | Entered Level 10 of the Dungeon
  9548 | D:10     | Found a runed translucent door.
  9548 | D:10     | Noticed Otimerch's ghost (novice DEEE)
  9845 | D:10     | Found Hyutro Sisi's Gadget Shop.
  9997 | D:10     | Reached skill level 11 in Axes
 10356 | D:10     | Noticed a centaur warrior
 10356 | D:10     | Noticed a tengu warrior
 10358 | D:10     | Noticed a cyclops
 10361 | D:10     | You fall into a shaft and drop 3 floors!
 10541 | D:13     | Noticed an eight-headed hydra
 10550 | D:13     | Killed a three-headed hydra
 10550 | D:13     | Reached XP level 11. HP: 13/84 MP: 8/11
 10959 | D:11     | Found a stormy altar of Qazlal.
 11336 | D:11     | Noticed Grum
 11462 | D:10     | Killed a cyclops
 11462 | D:10     | Reached ***** piety under Okawaru
 11545 | D:10     | Killed a tengu warrior
 11545 | D:10     | Reached skill level 12 in Axes
 11690 | D:10     | Killed a centaur warrior
 11796 | D:10     | Noticed a deep elf knight
 11796 | D:10     | Noticed a wolf spider
 11806 | D:10     | Killed a wolf spider
 11813 | D:10     | Killed a deep elf knight
 11813 | D:10     | Received a gift from Okawaru
 11906 | D:10     | Noticed an ice dragon
 11907 | D:10     | Noticed a glowing orange brain
 11924 | D:10     | Killed an ice dragon
 11924 | D:10     | Reached skill level 1 in Invocations
 11928 | D:10     | Killed a glowing orange brain
 11928 | D:10     | Reached skill level 13 in Axes
 12335 | D:11     | Killed Grum
 12365 | D:11     | Reached XP level 12. HP: 93/94 MP: 12/12
 12529 | D:11     | Noticed a five-headed hydra
 12540 | D:11     | Killed a one-headed hydra
 12540 | D:11     | Received a gift from Okawaru
 12589 | D:11     | Reached skill level 14 in Axes
 12614 | D:11     | Noticed a two-headed ogre
 12621 | D:11     | Killed a two-headed ogre
 13110 | D:11     | Noticed a centaur warrior
 13127 | D:11     | Killed a centaur warrior
 13127 | D:11     | Reached ****** piety under Okawaru
 13823 | D:12     | Received a gift from Okawaru
 13823 | D:12     | Reached skill level 15 in Axes
 13823 | D:12     | Reached XP level 13. HP: 52/101 MP: 14/16
 14111 | D:12     | Upgraded the game from 0.26-a0-613-g4f23886233 to
                  | 0.26-a0-631-ged93497179
 14186 | D:12     | Found a transporter.
 14315 | D:12     | Noticed a five-headed hydra
 14324 | D:12     | Killed a one-headed hydra
 14783 | D:12     | Found a staircase to the Orcish Mines.
 14812 | D:12     | Reached skill level 5 in Invocations
 14905 | D:12     | Found a one-way gate to the infinite horrors of the Abyss.
 14905 | D:12     | Noticed Gargoyl's ghost (journeyman GnAK)
 14918 | D:12     | Found a transporter.
 15009 | D:13     | Noticed a centaur warrior
 15017 | D:13     | Killed a centaur warrior
 15343 | D:13     | Found Fichyred's Antique Weapon Emporium.
 15633 | D:13     | Reached skill level 16 in Axes
 15647 | D:13     | Received a gift from Okawaru
 15836 | D:13     | Reached skill level 10 in Fighting
 16102 | D:13     | Found a gate to the Vaults.
 16102 | D:13     | Noticed an ironheart preserver
 16124 | D:13     | Killed an ironheart preserver
 16870 | Lair:1   | Entered Level 1 of the Lair of Beasts
 16983 | Lair:1   | Noticed Urug
 16992 | Lair:1   | Killed Urug
 17568 | Lair:2   | Reached XP level 14. HP: 102/110 MP: 18/18
 17570 | Lair:2   | Received a gift from Okawaru
 17753 | Lair:2   | Reached skill level 10 in Armour
 17917 | Lair:2   | Found a staircase to the Snake Pit.
 18493 | Lair:2   | Reached skill level 17 in Axes
 19496 | Lair:3   | Noticed Gastronok
 19516 | Lair:3   | Killed Gastronok
 20169 | Lair:3   | Found a staircase to the Swamp.
 21350 | Lair:4   | Received a gift from Okawaru
 21353 | Lair:4   | Identified the +3 great mace of Kaaffisu {freeze, Int+4}
                  | (Okawaru gifted it to you on level 4 of the Lair of Beasts)
 21951 | Lair:5   | Found a viscous altar of Jiyva.
 21951 | Lair:5   | Found a staircase to the Slime Pits.
 22059 | Lair:5   | Reached skill level 1 in Stealth
 22606 | Lair:5   | Reached skill level 18 in Axes
 23167 | Lair:6   | Entered Level 6 of the Lair of Beasts
 23349 | Lair:6   | Received a gift from Okawaru
 23349 | Lair:6   | Reached XP level 15. HP: 107/118 MP: 20/20
 24043 | Lair:6   | Slain by a catoblepas

Illustrated notes

Levels and vault maps discovered:
D:1:      elethiomel_arrival_infinity_welcomes_careful_drivers, layout_basic,
          st_stairs_3
D:2:      layout_basic, chequers_ecumenical_altar_island
D:3:      layout_loops_ring, minmay_misc_feat_iff
D:4:      layout_basic
D:5:      layout_loops_corners, lemuel_round_altar,
          minmay_temple_entry_crystal_x, uniq_eustachio
D:6:      layout_cave_pods, minmay_statues_item
D:7:      layout_loops_ring, uniq_pikel
D:8:      layout_rooms, lair_entry_dummy, serial_shops, nicolae_shop_trees
D:9:      layout_rooms, minmay_misc_feat_rugged
D:10:     minmay_sliced_demisemicircle, layout_layer_cave,
          ebering_ghost_reflecting_pool, serial_shops, shop, serial_rivers,
          chequers_serial_rivers_room_a, chequers_serial_rivers_micro_a,
          chequers_serial_rivers_small_3, chequers_serial_rivers_micro_e,
          chequers_serial_rivers_small_3
D:11:     minmay_the_grid_3x3 [minmay_the_grid_box_x,
          minmay_the_grid_medium_cups, minmay_the_grid_tri_star,
          minmay_the_grid_zigzag_pyramid, minmay_the_grid_minigrid_small,
          minmay_the_grid_small_cups, minmay_the_grid_minigrid_large,
          minmay_the_grid_large_cup,
          minmay_the_grid_prize_four_corners_diamond_b], layout_rooms,
          serial_park_tiny_pond, grunt_qazlal_sundering, uniq_grum
D:12:     layout_loops_ring, orc_0_dummy, gammafunk_ghost_abyssal_escape
D:13:     layout_basic, skrybe_vaults_entry_preservation, serial_shops,
          nicolae_shop_competitors_out_of_business
Temple:   nicolae_temple_the_god_donut
Lair:1:   layout_big_grid, grunt_megastairs_2, minmay_lair_oklob_chamber,
          uniq_urug
Lair:2:   layout_regular_city, minmay_snake_entry_guardpost_small
Lair:3:   layout_loops_ring, nicolae_swamp_entry_splash_gauntlet, uniq_gastronok
Lair:4:   layout_roguey, serial_bayou_shore_a
Lair:5:   layout_cellular_growth, slime_altar_1, minivault_27,
          lemuel_fruit_fields
Lair:6:   hangedman_lair_in_review, layout_regular_city, wormcave,
          cheibrodos_lair_lostbears

Skill      XL: |  1  2  3  4  5  6  7  8  9 10 11 12 13 14 |
---------------+-------------------------------------------+-----
Shields        | 4 5 6 7 8 9 |  9.0
Fighting       | 4 5 6 7 8 9 10 11 | 11.3
Axes           | 3 4 5 7 9 11 13 15 16 18 | 18.4
Armour         | 4 5 6 7 8 9 10 | 10.7
Invocations    | 1 4 6 7 |  7.8
Stealth        | 1 |  1.1
Evocations     | |  0.4

Action                   |  1- 3 |  4- 6 |  7- 9 | 10-12 | 13-15 || total
-------------------------+-------+-------+-------+-------+-------++-------
Melee: War axe           |   121 |   151 |   324 |   561 |   234 ||  1391
       Battleaxe         |       |       |       |       |   578 ||   578
Invok: Heroism           |       |       |     2 |     7 |     1 ||    10
 Abil: Dig               |       |       |     2 |     6 |       ||     8
       Shaft Self        |       |       |       |     1 |       ||     1
Evoke: Wand              |       |       |     2 |       |     4 ||     6
  Use: Scroll            |       |       |     8 |    12 |     5 ||    25
       Potion            |       |       |     1 |     2 |     1 ||     4
 Stab: Petrifying        |       |       |       |       |     2 ||     2
       Petrified         |       |       |       |       |     2 ||     2
Armor: Scale mail        |    47 |    23 |       |       |       ||    70
       Chain mail        |       |    79 |   131 |   101 |       ||   311
       Plate armour      |       |       |       |   123 |   309 ||   432
Dodge: Dodged            |    49 |    65 |    98 |   151 |   187 ||   550
Block: Kite shield       |    73 |   100 |   152 |   320 |   433 ||  1078

Table legend: (Time is in decaauts)
 A = Elapsed time spent in this place.
 B = Non-inter-level travel time spent in this place.
 C = Inter-level travel time spent in this place.
 D = Time resting spent in this place.
 E = Time spent auto-exploring this place.
 F = Levels seen in this place.
 G = Mean time per level.
                   A        B        C        D        E       F      G
               +--------+--------+--------+--------+--------+-----+--------+
         Total |  24022 |  23075 |    947 |   3838 |  15323 |  20 | 1201.1 |
       Dungeon |  16905 |  16036 |    869 |   2608 |  10298 |  13 | 1300.4 |
        Temple |     16 |      9 |      7 |      0 |      0 |   1 |   16.0 |
          Lair |   7100 |   7030 |     70 |   1230 |   5025 |   6 | 1183.3 |
               +--------+--------+--------+--------+--------+-----+--------+

Top non-repeatable levels by time:
    D:13: 2242 daAuts
     D:5: 1904 daAuts
    D:10: 1856 daAuts
    D:11: 1641 daAuts
  Lair:3: 1552 daAuts
  Lair:2: 1474 daAuts
     D:6: 1366 daAuts
  Lair:4: 1333 daAuts
     D:7: 1259 daAuts
    D:12: 1209 daAuts
  Lair:5: 1200 daAuts
     D:2: 1138 daAuts
     D:1: 1122 daAuts
     D:4: 1003 daAuts
  Lair:6: 855 daAuts
